 Dungeon Crawl Stone Soup version 0.18.1-1-g2f07953 (webtiles) character file.

21 M4edhros the Grave Robber (level 2, 0/17 HPs)
             Began as an Octopode Necromancer on May 7, 2016.
             Slain by a jackal (3 damage)
             ... on level 2 of the Dungeon.
             The game lasted 00:01:40 (424 turns).

M4edhros the Grave Robber (Octopode Necromancer)     Turns: 424, Time: 00:01:41

Health: 0/17       AC:  1    Str:  7    XL:     2   Next: 87%
Magic:  2/5        EV: 12    Int: 17    God:
Gold:   51         SH:  0    Dex: 12    Spells: 1 memorised, 4 levels left

rFire  . . .     SeeInvis .       - Unarmed
rCold  . . .     Gourm    .     (no shield)
rNeg   . . .     Faith    .     (helmet restricted)
rPois  .         Spirit   .     (no amulet)
rElec  .         Dismiss  .     (no ring)
rCorr  .         Reflect  .     (no ring)
SustAt .         Harm     .     (no ring)
MR     .....                    (no ring)
Stlth  +++.......               (no ring)
                                (no ring)
                                (no ring)
                                (no ring)

@: not resistant to hostile enchantments, fairly stealthy
A: almost no armour, amphibious, 8 rings, constrict 8, camouflage 1, gelatinous
body 1
a: no special abilities


You were on level 2 of the Dungeon.
You were not hungry.

You visited 1 branch of the dungeon, and saw 2 of its levels.

You collected 51 gold pieces.

Inventory:

Missiles
 e - 45 stones (quivered)
 g - 17 sling bullets
Scrolls
 f - a scroll of magic mapping {unknown}
 h - a scroll of amnesia {unknown}
 i - a scroll of blinking {unknown}
 j - a scroll of immolation {unknown}
 k - 2 scrolls of teleportation {unknown}
 l - a scroll of identify {unknown}
Books
 a - a book of Necromancy

   Spells                             Type                      Level
   a - Pain                           Necromancy                   1
   b - Animate Skeleton               Necromancy                   1
   c - Vampiric Draining              Necromancy                   3
   d - Regeneration                   Charms/Necromancy            3
   e - Animate Dead                   Necromancy                   4
   f - Control Undead                 Necromancy                   4
Comestibles
 b - 2 bread rations
 d - a meat ration


   Skills:
 - Level 2.0 Dodging
 - Level 2.6 Stealth
 + Level 2.4 Unarmed Combat
 - Level 2.0 Spellcasting
 - Level 4.0 Necromancy


You had 4 spell levels left.
You knew the following spells:

 Your Spells              Type           Power        Failure   Level  Hunger
a - Pain                  Necr           ###.         3%          1    #......


Dungeon Overview and Level Annotations

Branches:
Dungeon (2/15)

Altars:
Ashenzari


Innate Abilities, Weirdness & Mutations

You cannot wear most types of armour.
You are amphibious.
You can wear up to eight rings at the same time.
You can use your tentacles to constrict eight enemies at once.
Your skin changes colour to match your surroundings (Stealth).
Your rubbery body absorbs attacks (AC +1).


Message History

You kill the jackal!
The jackal barks!
You aren't carrying any potions.
Read which item? (? for menu, Esc to quit)
Okay, then.
You aren't carrying any items that you can evoke.
Read which item? (? for menu, Esc to quit)
Okay, then.
You aren't carrying any items that you can evoke.
You aren't carrying any potions.
Unknown command.
Read which item? (? for menu, Esc to quit)
As you read the scroll labeled NIMUEV INWAEGHA, it crumbles to dust.
It is a scroll of recharging.
You aren't carrying any rechargeable items.
The jackal barks!
You tentacle-slap the jackal. You grab the jackal.
The jackal is heavily wounded.
You constrict the jackal. The jackal bites you.
You die...

##.....#.......#
###......#.......#
#####................#
##.....########.......#
#..##### #.......#
##.## #.......# ##..#
#.......# #..##
#####.......# ..##
#.hh@.......# ..#
.......########### ..#
...h... ..# ....... ..#
......h.. ..# ....h....
..# ......... ..#
##.....h.. ..#
#!........


You could see 3 jackals.

Vanquished Creatures
  3 dart slugs (D:1)
  2 goblins (D:2)
  5 hobgoblins
  A jackal (D:2)
  2 kobolds (D:1)
  A rat (D:1)
14 creatures vanquished.

Notes
Turn   | Place    | Note
--------------------------------------------------------------
     0 | D:1      | M4edhros the Octopode Necromancer began the quest for the Orb.
     0 | D:1      | Reached XP level 1. HP: 11/11 MP: 3/3
    11 | D:1      | Found a shattered altar of Ashenzari.
   139 | D:1      | Reached skill level 1 in Unarmed Combat
   187 | D:1      | Reached XP level 2. HP: 13/17 MP: 5/5
   424 | D:2      | Slain by a jackal

Skill      XL: |  1  2 |
---------------+-------+-----
Unarmed Combat | 1 2 |  2.4
Dodging        | |  2.0
Stealth        | |  2.6
Spellcasting   | |  2.0
Necromancy     | |  4.0

Action                   || total
-------------------------++-------
Melee: Unarmed           ||    27
       Constrict         ||     7
       Tentacles         ||     3
 Cast: Pain              ||    11
  Use: Scroll            ||     1
 Stab: Sleeping          ||     4
Armor: Skin              ||     2
Dodge: Dodged            ||    11
